AoeStats
← cagrierdemir

Arena

509686280Analyzed
4v4 RM · 4d ago on Sep 27, 2026· 48m 13s· 8 players
Game mode
Random Map
Map size
Large (8 player)
Population
200
Speed
Normal
Resources
Standard
Victory
Conquest
Starting age
Dark Age
Ending age
Imperial Age
RankedLock teamsTeams togetherTeam positionsShared explorationLock speedFull tech treeHidden civsTurbo modeCheats
Victory
Defeat
🇩🇪 Turks · Germany
935
+12
861
+15
🇺🇸 Ethiopians · United States
826
+16
🇨🇱 Aztecs · Chile
812
+17
🇪🇸 Spanish · Spain
856
-16
🇩🇪 Hindustanis · Germany
838
-15
🇩🇪 Ethiopians · Germany
835
-15
🇩🇪 Wei · Germany
806
-14
Kaparso
11:17 Feudal Age
16:24 Castle Age
14:37 Double-Bit Axe
15:34 Horse Collar
18:42 Loom
20:48 Bloodlines
22:14 Scale Barding Armor
25:22 Forging
27:52 Wheelbarrow
27:04 Town Watch
32:37 Imperial Age
31:12 Heavy Plow
32:16 Hand Cart
31:58 Fletching
32:08 Padded Archer Armor
33:01 Bodkin Arrow
33:29 Elite Conquistador
36:13 Conscription
36:37 Bracer
41:58 Cavalier
44:43 Chain Barding Armor
45:00 Iron Casting
Ingvared
0:56 Loom
12:48 Feudal Age
13:45 Gold Mining
14:21 Stone Mining
14:38 Double-Bit Axe
16:02 Wheelbarrow
19:41 Castle Age
23:11 Hand Cart
28:41 Horse Collar
30:14 Town Watch
30:41 Bow Saw
32:01 Murder Holes
35:03 Imperial Age
34:05 Forging
33:56 Scale Mail Armor
33:27 Man-at-Arms
34:09 Long Swordsman
34:56 Squires
34:41 Arson
35:44 Iron Casting
35:25 Chain Mail Armor
35:07 Two-Handed Swordsman
37:57 Blast Furnace
42:06 Blast Furnace
41:12 Scale Barding Armor
41:57 Bloodlines
42:30 Light Cavalry
Kassiber
11:18 Feudal Age
13:30 Wheelbarrow
16:06 Castle Age
13:57 Double-Bit Axe
13:59 Horse Collar
17:08 Heavy Plow
17:20 Bow Saw
cagrierdemir
12:01 Feudal Age
12:28 Double-Bit Axe
19:34 Castle Age
17:46 Fletching
17:48 Horse Collar
20:48 Bow Saw
21:04 Heavy Plow
21:08 Bodkin Arrow
23:46 Husbandry
23:58 Bloodlines
33:24 Imperial Age
32:19 Scale Barding Armor
32:25 Forging
32:17 Padded Archer Armor
33:00 Wheelbarrow
34:10 Bracer
34:31 Chain Barding Armor
36:05 Chemistry
36:28 Ballistics
35:34 Heavy Camel Rider
38:15 Conscription
40:56 Shatagni
41:23 Heavy Camel Rider
44:10 Plate Barding Armor
43:07 Elite Skirmisher
China No. 1 in the world谢曹
9:12 Feudal Age
9:57 Double-Bit Axe
11:57 Horse Collar
15:36 Stone Mining
16:01 Loom
18:35 Castle Age
17:18 Town Watch
17:26 Gold Mining
19:12 Wheelbarrow
19:20 Bow Saw
20:14 Fletching
21:35 Heavy Plow
31:10 Imperial Age
30:04 Hand Cart
29:55 Town Patrol
30:33 Gold Shaft Mining
30:21 Pikeman
31:05 Scale Mail Armor
32:36 Halberdier
33:25 Arson
34:31 Squires
34:52 Chain Mail Armor
34:47 Forging
35:38 Two-Man Saw
35:11 Crop Rotation
36:23 Plate Mail Armor
36:38 Conscription
37:32 Kamandaran
37:30 Bodkin Arrow
37:58 Padded Archer Armor
37:46 Crossbowman
39:12 Thumb Ring
39:35 Leather Archer Armor
40:30 Ballistics
41:35 Chemistry
41:09 Guard Tower
41:30 Masonry
42:13 Stone Shaft Mining
42:25 Elite Skirmisher
44:07 Ring Archer Armor
44:15 Iron Casting
45:01 Architecture
44:38 Scale Barding Armor
45:21 Cavalier
46:02 Husbandry
46:12 Bloodlines
47:15 Chain Barding Armor
47:56 Blast Furnace
46:44 Savar
49:12 Plate Barding Armor
HeroicShepherd
11:46 Feudal Age
12:34 Double-Bit Axe
15:27 Castle Age
13:29 Horse Collar
29:57 Wheelbarrow
29:07 Loom
32:09 Hand Cart
32:27 Bow Saw
36:29 Imperial Age
35:25 Squires
37:34 Gold Mining
37:47 Heavy Plow
38:50 Two-Man Saw
38:52 Fletching
39:02 Padded Archer Armor
39:55 Torsion Engines
40:15 Conscription
40:35 Thumb Ring
41:55 Forging
41:45 Scale Mail Armor
42:34 Gold Shaft Mining
42:12 Crossbowman
43:16 Ballistics
43:57 Chemistry
43:43 Bodkin Arrow
44:04 Leather Archer Armor
43:58 Onager
45:08 Arbalester
47:03 Bracer
47:33 Ring Archer Armor
Bossman 9
12:48 Feudal Age
15:53 Loom
18:36 Castle Age
17:47 Gold Mining
17:44 Double-Bit Axe
17:45 Horse Collar
19:56 Eagle Warrior
26:10 Heavy Plow
26:58 Wheelbarrow
27:53 Sanctity
28:20 Gold Shaft Mining
30:14 Town Watch
33:01 Imperial Age
31:13 Forging
31:03 Scale Mail Armor
33:43 Fervor
36:41 Theocracy
37:23 Redemption
40:20 Garland Wars
40:38 Iron Casting
40:19 Chain Mail Armor
40:49 Conscription
39:53 Elite Skirmisher
41:28 Elite Jaguar Warrior
45:43 Block Printing
48:31 Ballistics
48:09 Spies/Treason
Mistăr
0:37 Loom
11:03 Feudal Age
11:29 Horse Collar
11:36 Double-Bit Axe
18:00 Castle Age
16:22 Stone Mining
16:40 Gold Mining
17:41 Fletching
19:06 Bow Saw
20:54 Arson
23:32 Wheelbarrow
23:19 Heavy Plow
30:07 Imperial Age
28:50 Gold Shaft Mining
29:29 Husbandry
29:44 Bloodlines
30:02 Forging
30:10 Fortified Wall
29:57 Murder Holes
33:19 Ballistics
32:57 Arrowslits
32:56 Heavy Camel Rider
33:44 Bodkin Arrow
35:06 Bombard Tower
35:24 Hand Cart
36:16 Two-Man Saw
36:32 Masonry
37:42 Conscription
38:35 Elite Janissary
39:23 Thumb Ring
39:43 Parthian Tactics
41:22 Architecture
40:14 Elite Janissary
40:59 Artillery
41:20 Sipahi
41:59 Bracer
42:35 Iron Casting
42:06 Scale Barding Armor
42:37 Iron Casting
42:04 Treadmill Crane
43:16 Heavy Cavalry Archer
45:03 Chain Barding Armor
45:44 Blast Furnace
45:55 Sappers
48:06 Spies/Treason
Connection lost

Rejoining the realm…

Still unreachable

The connection could not be restored.

Session expired

The server has moved on; the page needs a fresh start.